 Dungeon Crawl Stone Soup version 0.29.1-12-g30fa7ad0bf (webtiles) character file.

Game seed: 7336720782945092966

1553 hawla the Arsonist (level 9, -2/62 (64) HPs)
             Began as a Meteoran Fire Elementalist on Jan 13, 2023.
             Was an Initiate of Vehumet.
             Slain by a red ugly thing (10 damage)
             ... on level 8 of the Dungeon.
             The game lasted 00:12:00 (1838 turns).

hawla the Arsonist (Meteoran Fire Elementalist)     Turns: 1838, Time: 00:12:00

HP:   -2/62 (64)    AC:  2    Str: 15    XL:     9   Next: 34%
MP:   1/21          EV: 13    Int: 22    God:    Vehumet [......]
Gold: 124           SH:  0    Dex: 15    Spells: 16/23 levels left

rFire   + . .      SeeInvis +   (no weapon)
rCold   + . .      Faith    .   (no shield)
rNeg    . . .      Spirit   .   a - +0 robe
rPois   +          Reflect  .   (no helmet)
rElec   +          Harm     .   (no cloak)
rCorr   +          Rampage  .   (no gloves)
Will    +....                   (no boots)
Stlth   +.........              (no amulet)
HPRegen 0.20/turn               g - +6 ring of strength
MPRegen 0.17/turn               b - ring of see invisible

@: resistant, glowing, lightly drained
A: sense surroundings 2, otherworldly, glowing, explore regen
a: Renounce Religion


You were on level 8 of the Dungeon.
You worshipped Vehumet.
Vehumet was noncommittal.
You visited 2 branches of the dungeon, and saw 9 of its levels.

You collected 274 gold pieces.
You spent 150 gold pieces at shops.

Inventory:

Armour
 a - a +0 robe (worn)
Jewellery
 b - a ring of see invisible (right hand)
 g - a +6 ring of strength (left hand)
Wands
 o - a wand of flame (2)
Scrolls
 j - a scroll of silence
 k - 2 scrolls of identify
 m - a scroll of immolation {unknown}
 r - a scroll of noise {unknown}
 s - a scroll of torment {unknown}
 t - a scroll of enchant armour {unknown}
Potions
 c - 2 potions of mutation
 d - 2 potions of degeneration {unknown}
 e - a potion of resistance
 f - a potion of ambrosia
 h - a potion of cancellation
 n - a potion of curing {unknown}
 p - a potion of brilliance {unknown}


   Skills:
 + Level 1.4 Fighting
 + Level 4.0 Dodging
 - Level 1.4 Stealth
 + Level 7.5 Spellcasting
 + Level 6.6 Conjurations
 + Level 8.5 Fire Magic


You had 16 spell levels left.
You knew the following spells:

 Your Spells              Type           Power      Damage    Failure   Level
a - Foxfire               Conj/Fire      100%       2x1d9     1%          1
b - Scorch                Fire           92%        2d9       1%          2
c - Flame Wave            Conj/Fire      41%        2d11      3%          4

Your spell library contained the following spells:

 Spells                   Type           Power      Damage    Failure   Level
 Conjure Flame            Conj/Fire      41%        6-21      1%          3
 Inner Flame              Hex/Fire       27%        N/A       4%          3
 Stone Arrow              Conj/Erth      44%        3d9       6%          3
 Sandblast                Erth           16%        2d6       8%          1
 Passwall                 Tmut/Erth      6%         N/A       12%         2


Dungeon Overview and Level Annotations

Branches:
Dungeon (8/15) Zot: 3037   Temple (1/1) D:5 Zot: 525
   Lair: D:8-11

Altars:
Ashenzari
Cheibriados
Dithmenos
Elyvilon
Fedhas
Hepliaklqana
Makhleb
Nemelex Xobeh
Okawaru
Qazlal
Sif Muna
Vehumet
Wu Jian
Xom
Yredelemnul
Zin
The Shining One

Shops:
D:5 ![

Annotations:
D:6 ThatPearl's ghost, novice DsBe


Innate Abilities, Weirdness & Mutations

You passively map the area around you.
You are easily found by Zot.
You glow in the dark.
You regain HP and MP as you explore.


Message History

Flames lash the red ugly thing.
The red ugly thing is severely wounded.
The red ugly thing barely misses your butterfly.
Unknown command.
Casting: Scorch (safe; 1% risk of failure)
Confirm with . or Enter, or press ? or * to list all spells.
You conjure some foxfire!
The foxfire hits the red ugly thing but does no damage.
The red ugly thing is heavily wounded.
Casting: Foxfire (safe; 1% risk of failure)
Confirm with . or Enter, or press ? or * to list all spells.
Flames lash the red ugly thing.
The red ugly thing is severely wounded.
The foxfire hits the red ugly thing but does no damage.
The red ugly thing is severely wounded.
The red ugly thing bites you!
You are engulfed in flames!!
Casting: Scorch (safe; 1% risk of failure)
Confirm with . or Enter, or press ? or * to list all spells.
Casting: Flame Wave (dangerous; 3% risk of failure)
Press: ? - help, Dir - look around, f - activate Really fire at your butterfly?
A wave of flame ripples out!
The flame wave engulfs your butterfly!
You kill your butterfly!
Your butterfly disappears in a burst of colours!
The flame wave engulfs the red ugly thing!
The red ugly thing is almost dead.
The flame wave engulfs your butterfly!!
You kill your butterfly!
Your butterfly disappears in a burst of colours!
The flame wave engulfs your butterfly!
You kill your butterfly!
Your butterfly disappears in a burst of colours! (Press . to intensify the flame waves.)
The red ugly thing bites you.
You are engulfed in flames!!
* * * LOW HITPOINT WARNING * * *
You feel much better. The red ugly thing bites you!
You are engulfed in flames!
* * * LOW HITPOINT WARNING * * *
You feel protected. The red ugly thing bites you!
You die...

* * * , * ** * * * ,
, , , , , , ,, ,, , ,
, *, ### *
####*####..#
.....#.....# ,
.....'.u@..#
*.....##.b.b# *'###
#.b#######
,....##bb###...## , ,
,........b#.....# *
*,....#....+.....# ,*
###*#..........# , *,
,#.....##..##########
*
#......####......#.#


You could see a red ugly thing (combustible, ally target).

Vanquished Creatures
  A hornet (D:8)
  A black bear (D:4)
  2 ogres (D:5)
  A phantom (D:5)
  A bullfrog (D:7)
  A necrophage (D:7)
  2 scorpions
  5 wights (D:8)
  A howler monkey (D:4)
  An orc priest (D:5)
  2 hounds
  2 gnoll boudas
  2 orc wizards (D:4)
  An iguana (D:3)
  5 adders
  11 gnolls
  2 shadow imps (D:5)
  2 ufetubi
  2 dart slugs
  17 orcs
  A bat (D:3)
  4 endoplasms
  2 giant cockroaches
  6 goblins
  3 hobgoblins (D:4)
  7 jackals
  3 kobolds
  2 quokkas (D:4)
  2 ball pythons (D:3)
  A frilled lizard (D:3)
  2 rats
95 creatures vanquished.

Vanquished Creatures (others)
  138 foxfires
138 creatures vanquished.

Grand Total: 233 creatures vanquished

Notes
Turn   | Place    | Note
-------+----------+-------------------------------------------
     0 | D:1      | hawla the Meteoran Fire Elementalist began the quest for
                  | the Orb.
     0 | D:1      | Reached XP level 1. HP: 14/14 MP: 5/5
    73 | D:1      | Reached skill level 4 in Fire Magic
   144 | D:1      | Reached XP level 2. HP: 20/20 MP: 4/6
   147 | D:1      | Learned a level 2 spell: Scorch
   257 | D:2      | Reached XP level 3. HP: 23/26 MP: 5/8
   566 | D:4      | Noticed a scorpion
   569 | D:4      | Killed a scorpion
   570 | D:4      | Reached skill level 5 in Fire Magic
   570 | D:4      | Reached XP level 4. HP: 33/33 MP: 4/10
   570 | D:4      | Reached XP level 5. HP: 38/38 MP: 4/11
   575 | D:4      | Learned a level 4 spell: Flame Wave
   582 | D:4      | Noticed a black bear
   591 | D:4      | Killed a black bear
   592 | D:4      | Reached XP level 6. HP: 40/45 MP: 4/12
   615 | D:3      | Found an ornate altar of the Wu Jian Council.
   709 | D:4      | Reached skill level 5 in Conjurations
   760 | D:4      | Reached XP level 7. HP: 41/50 MP: 6/14
  1060 | D:5      | Entered Level 5 of the Dungeon
  1113 | D:5      | Reached skill level 5 in Spellcasting
  1113 | D:5      | Reached skill level 6 in Fire Magic
  1136 | D:5      | Reached XP level 8. HP: 49/58 MP: 2/17
  1147 | D:5      | Reached skill level 1 in Fighting
  1203 | D:5      | Found Pibrolyc's Distillery.
  1217 | D:5      | Bought a potion of heal wounds for 75 gold pieces
  1217 | D:5      | Bought a potion of heal wounds for 75 gold pieces
  1252 | D:5      | Found Gete's Antique Armour Boutique.
  1350 | D:5      | Reached skill level 7 in Fire Magic
  1386 | D:5      | Found a staircase to the Ecumenical Temple.
  1395 | Temple   | Entered the Ecumenical Temple
  1452 | Temple   | Became a worshipper of Vehumet
  1491 | D:6      | Noticed a komodo dragon
  1491 | D:6      | Noticed ThatPearl's ghost (novice DsBe)
  1594 | D:7      | Found a stormy altar of Qazlal.
  1596 | D:7      | Noticed an air elemental
  1597 | D:7      | Noticed a water elemental
  1597 | D:7      | Noticed a fire elemental
  1626 | D:8      | Found a broken altar of Ashenzari.
  1635 | D:8      | Noticed a hornet
  1640 | D:8      | Killed a hornet
  1641 | D:8      | Gained mutation: You passively map the area around you.
                  | [Meteoran growth]
  1641 | D:8      | Reached XP level 9. HP: 64/64 MP: 10/20
  1656 | D:8      | Noticed a red ugly thing
  1656 | D:8      | Noticed an unseen horror
  1686 | D:8      | Reached skill level 8 in Fire Magic
  1838 | D:8      | Slain by a red ugly thing

Illustrated notes

Levels and vault maps discovered:
D:1:      spicycebolla_arrival_xxxplode, layout_loops_corners,
          corexii_corridor_pit, lemuel_flame_loot_1
D:2:      layout_loops_ring, shapermc_ecumenical_altar_rom_forum, uniq_terence
D:3:      minmay_door_path, layout_rooms, nicolae_wu_jian_immortal_techniques,
          minmay_tree_intersection
D:4:      layout_rooms
D:5:      cheibrodos_quashed, layout_cave_pools, minmay_temple_entry_tees,
          serial_shops, nicolae_shop_crystal, shop
D:6:      layout_basic, gammafunk_ghost_split, uniq_blork_the_orc, uniq_maggie
D:7:      layout_rooms, nicolae_qazlal_style_of_elements
D:8:      layout_gridville, ashenzari_conservatory_becter
Temple:   zaba_magenta_temple

Skill      XL: |  1  2  3  4  5  6  7  8  9 |
---------------+----------------------------+-----
Fire Magic     | 4 5 6 7 8 |  8.5
Spellcasting   | 3 4 5 7 |  7.5
Conjurations   | 2 4 5 6 |  6.6
Dodging        | 3 4 |  4.0
Fighting       | 1 |  1.4
Stealth        | |  1.4

Action                   |  1- 3 |  4- 6 |  7- 9 || total
-------------------------+-------+-------+-------++-------
Melee: Unarmed           |     5 |     2 |    16 ||    23
       Punch             |       |       |     1 ||     1
 Cast: Foxfire           |    31 |    22 |    30 ||    83
       Scorch            |     4 |     9 |    32 ||    45
       Flame Wave        |       |     2 |    12 ||    14
  Use: Scroll            |     1 |       |     9 ||    10
       Potion            |       |     1 |     3 ||     4
Armor: Robe              |     6 |     3 |     4 ||    13
Dodge: Dodged            |    23 |    10 |    37 ||    70
